 Dungeon Crawl Stone Soup version 0.32-a0-540-g866d131 (webtiles) character file.

Game seed: 14059567053003376163

224229 bignoob the Severer (level 18, -3/179 HPs)
             Began as a Mountain Dwarf Hedge Wizard on Feb 27, 2024.
             Was a High Priest of Makhleb.
             Killed from afar by a will-o-the-wisp (18 damage)
             ... with a foxfire
             ... on level 4 of the Swamp on Feb 28, 2024.
             The game lasted 01:39:23 (33561 turns).

bignoob the Severer (Mountain Dwarf Hedge Wizard)  Turns: 33561, Time: 01:39:24

Health: -3/179     AC: 26    Str: 19 (20) XL:     18   Next: 67%
Magic:  31/31      EV: 18    Int: 18      God:    Makhleb [*****.]
Gold:   1767       SH: 12    Dex: 12      Spells: 17/22 levels left

rFire   . . .        O - +5 war axe (freeze)
rCold   + . .        q - +0 kite shield
rNeg    . . .        y - +3 ring mail of Ubran {rPois Regen+ rCorr Dex+3}
rPois   +            c - +0 hat
rElec   .            p - +2 cloak
rCorr   +            k - +2 pair of gloves "Cuwu Teixi" {Harm ^Drain rC+ Stlth+}
SInv    .            b - +0 pair of boots
Will    +....        f - amulet "Raorutie" {Regen+ Int+4 Slay+5}
Stlth   +            z - +4 ring of protection
HPRegen 2.09/turn    M - +5 ring of evasion
MPRegen 0.22/turn

%: harm (+30% outgoing, +20% incoming)
@: silenced
A: runic magic, artefact enchanting, hooves 1, horns 1, iridescent scales 1,
deterioration 1, dopey 1, robust 1, wild magic 1
a: Renounce Religion


You were on level 4 of the Swamp.
You worshipped Makhleb.
Makhleb was extremely pleased with you.
You visited 7 branches of the dungeon, and saw 32 of its levels.
You also visited: Trove.

You collected 5213 gold pieces.
You spent 3446 gold pieces at shops.

Inventory:

Hand Weapons
 l - a +2 hand axe of flaming
 u - a +3 heavy broad axe
 O - a +5 war axe of freezing (weapon)
Missiles
 h - 11 curare-tipped darts
 j - a throwing net
 w - 36 poisoned darts
 x - 4 atropa-tipped darts
 G - 25 boomerangs
 L - 6 javelins
Armour
 b - a +0 pair of boots (worn)
 c - a +0 hat (worn)
 k - the +2 pair of gloves "Cuwu Teixi" (worn) {Harm ^Drain rC+ Stlth+}
   (You acquired it on level 2 of the Orcish Mines)

   rC+:       It protects you from cold.
   ^Drain:    It drains your maximum health when unequipped.
   Harm:      It increases damage dealt and taken.
   Stlth+:    It makes you more stealthy.
 p - a +2 cloak (worn)
 q - a +0 kite shield (worn)
 y - the +3 ring mail of Ubran (worn) {rPois Regen+ rCorr Dex+3}
   (You found it on level 13 of the Dungeon)

   Dex+3:     It affects your dexterity (+3).
   rPois:     It protects you from poison Regen+: It increases your rate of
   health regeneration.
   rCorr:     It protects you from acid and corrosion.
Jewellery
 f - the amulet "Raorutie" (around neck) {Regen+ Int+4 Slay+5}
   (You found it in a treasure trove)

   [amulet of regeneration]

   Int+4:     It affects your intelligence (+4).
   Slay+5:    It affects your accuracy & damage with ranged weapons and melee
   (+5).
   Regen+:    It increases your rate of health regeneration.
 m - the ring "Uheic" {Ice Fly rPois Dex+3 Stlth-}
   (You found it in a treasure trove)

   [ring of ice]

   Ice:       It enhances your ice magic.
   Dex+3:     It affects your dexterity (+3).
   rF-:       It makes you vulnerable to fire.
   rC+:       It protects you from cold.
   rPois:     It protects you from poison Fly: It grants you flight.
   Stlth-:    It makes you less stealthy.
 z - a +4 ring of protection (left hand)
 E - the ring of the Histrionic Durian {rF+ rC+ rN+ Will+}
   (You found it in a treasure trove)

   [ring of willpower]

   rF+:       It protects you from fire.
   rC+:       It protects you from cold.
   rN+:       It protects you from negative energy.
   Will+:     It increases your willpower.
 M - a +5 ring of evasion (right hand)
 S - the ring of Acvufop {rPois SInv}
   (You found it in a treasure trove)

   [ring of see invisible]

   rPois:     It protects you from poison SInv: It lets you see invisible.
Wands
 s - a wand of paralysis (26)
 v - a wand of mindburst (15)
 D - a wand of digging (3)
 H - a wand of polymorph (5)
 J - a wand of light (4)
 N - a wand of flame (62)
 V - a wand of roots (17)
Scrolls
 g - 3 scrolls of amnesia
 n - 5 scrolls of vulnerability
 o - 14 scrolls of identify
 A - 3 scrolls of fog
 F - 4 scrolls of poison
 K - a scroll of revelation
 T - a scroll of fear
 U - 14 scrolls of teleportation
 X - 2 scrolls of immolation
Potions
 d - 4 potions of magic
 i - 9 potions of lignification
 r - 4 potions of attraction
 t - a potion of invisibility
 B - 6 potions of haste
 I - 10 potions of curing
 P - 2 potions of enlightenment
 Q - 2 potions of cancellation
 W - a potion of berserk rage
 Y - 2 potions of mutation
 Z - 3 potions of might
Miscellaneous
 e - a phial of floods
 C - a phantom mirror
 R - a lightning rod (4/4)


   Skills:
 + Level 15.5 Fighting
 + Level 19.4 Axes
 - Level 0.7(12.8) Maces & Flails
 + Level 14.8 Armour
 + Level 7.8 Dodging
 - Level 1.4 Stealth
 + Level 14.4 Shields
 - Level 2.6 Spellcasting
 - Level 0.8 Conjurations
 - Level 1.0 Summonings
 - Level 0.7 Translocations
 + Level 18.0 Invocations
 - Level 5.0 Evocations


You had 17 spell levels left.
You knew the following spells:

 Your Spells              Type           Power      Damage    Failure   Level
a - Magic Dart            Conj           28%        1d4       30%         1
b - Foxfire               Conj/Fire      20%        2x1d5     34%         1
c - Blink                 Tloc           12%        N/A       43%         2
d - Sting                 Conj/Alch      20%        1d4       34%         1

Your spell library contained the following spells:

 Spells                   Type           Power      Damage    Failure   Level
 Summon Small Mammal      Summ           28%        N/A       28%         1
 Kiss of Death            Conj/Necr      20%        2d7       34%         1
 Shock                    Conj/Air       20%        1d4       34%         1
 Freeze                   Ice            12%        1d3       38%         1
 Slow                     Hex            12%        N/A       38%         1
 Call Imp                 Summ           14%        N/A       38%         2
 Static Discharge         Conj/Air       10%        3-4/arc   45%         2
 Cigotuvi's Dreadful Rot  Necr/Alch/Air  6%         N/A       50%         2
 Jinxbite                 Hex            6%         N/A       50%         2
 Mercury Vapours          Alch/Air       6%         N/A       50%         2
 Sublimation of Blood     Necr           3%         N/A       50%         2
 Call Canine Familiar     Summ           7%         N/A       61%         3
 Dazzling Flash           Conj/Hex       10%        N/A       67%         3
 Hailstorm                Conj/Ice       5%         3d5       67%         3
 Mephitic Cloud           Conj/Alch/Air  4%         N/A       71%         3
 Confusing Touch          Hex            3%         N/A       73%         3
 Frozen Ramparts          Ice            6%         1d1       73%         3
 Sigil of Binding         Hex            3%         N/A       73%         3
 Swiftness                Air            3%         N/A       73%         3
 Tukima's Dance           Hex            3%         N/A       73%         3
 Vampiric Draining        Necr           3%         2d6       73%         3
 Iskenderun's Mystic Bla  Conj/Tloc      6%         2d4       95%         4
 Animate Armour           Summ/Erth      10%        N/A       96%         4
 Flame Wave               Conj/Fire      5%         2d5       96%         4
 Summon Blazeheart Golem  Fire/Summ      5%         N/A       96%         4
 Summon Lightning Spire   Summ/Air       5%         N/A       96%         4
 Dimensional Bullseye     Hex/Tloc       2%         N/A       97%         4
 Airstrike                Air            1%         2d(1-17)  98%         4
 Anguish                  Hex/Necr       1%         N/A       98%         4
 Dispel Undead            Necr           3%         3d7       98%         4
 Ignite Poison            Fire/Alch      3%         N/A       98%         4
 Leda's Liquefaction      Alch/Erth      1%         N/A       98%         4
 Petrify                  Alch/Erth      3%         N/A       98%         4
 Alistair's Intoxication  Alch           2%         N/A       100%        5
 Borgnjor's Vile Clutch   Necr/Erth      1%         N/A       100%        5
 Curse of Agony           Necr           3%         N/A       100%        5
 Freezing Cloud           Conj/Ice/Air   2%         6-21      100%        5
 Irradiate                Conj/Alch      2%         3d12      100%        5
 Lee's Rapid Deconstruct  Erth           1%         3d4*      100%        5
 Metabolic Englaciation   Hex/Ice        1%         N/A       100%        5
 Silence                  Hex/Air        1%         N/A       100%        5
 Summon Forest            Summ/Tloc      3%         N/A       100%        5
 Summon Mana Viper        Hex/Summ       5%         N/A       100%        5
 Dispersal                Tloc           3%         N/A       100%        6
 Eringya's Noxious Bog    Alch           1%         4d6       100%        6
 Haunt                    Necr/Summ      2%         N/A       100%        7
 Summon Hydra             Summ           3%         N/A       100%        7
 Infestation              Necr           1%         N/A       100%        8
 Chain Lightning          Conj/Air       2%         3d3       100%        9


Dungeon Overview and Level Annotations

Branches:
Dungeon (15/15)            Temple (1/1) D:4            Lair (5/5) D:10
  Swamp (4/4) Lair:2        Snake (2/4) Lair:3        Slime (0/5) Lair:5
    Orc (2/2) D:10            Elf (3/3) Orc:2        Vaults (0/5) D:13
 Depths (0/4) D:15

Altars:
Ashenzari
Cheibriados
Dithmenos
Elyvilon
Fedhas
Gozag
Hepliaklqana
Kikubaaqudgha
Makhleb
Nemelex Xobeh
Okawaru
Qazlal
Ru
Sif Muna
Trog
Uskayaw
Vehumet
Wu Jian
Xom
Yredelemnul
Zin
The Shining One
Beogh
Jiyva

Shops:
D:13 *   D:14 ?   D:15 *   Orc:2 :!=?(*::   Elf:2 [   Elf:3 ::=

Portals:
Abyss: D:5

Annotations:
D:5 2 transporters, CumLord's ghost, amateur DrFi
D:12 3 runed translucent doors, korenl137's ghost, journeyman AtBe
Lair:4 1 runed translucent door
Snake:2 Vashnia
Elf:2 3 runed translucent doors


Innate Abilities, Weirdness & Mutations

Your spellcasting is much less encumbered by armour.
You can use scrolls of enchantment on lesser artefacts.
You have large cloven feet.
You have a pair of small horns on your head.
You are partially covered in iridescent scales. (AC +2)
Your body sometimes deteriorates upon taking damage.
You are dopey. (Int -2)
You are robust. (+10% HP)
Your spells are a little harder to cast, but a little more powerful.


Message History

You are engulfed in a cloud of scalding steam.
The foxfire hits you but does no damage.
The foxfire hits you!!
* * * LOW HITPOINT WARNING * * *
Okay, then.
Okay, then.
Okay, then.
The will-o-the-wisp gestures.
The will-o-the-wisp conjures some marshlight!
The fire dragon breathes flames at you. The blast of flame misses you.
The will-o-the-wisp gestures.
The will-o-the-wisp conjures some marshlight! 4 foxfires come into view.
Unknown command.
Okay, then.
Okay, then.
The foxfire hits you!
* * * LOW HITPOINT WARNING * * *
Your body deteriorates!
You feel weakened. The foxfire hits you!
* * * LOW HITPOINT WARNING * * *
The foxfire hits you but does no damage. x2
The fire dragon attacks as it pursues you!
You block the fire dragon's attack. x2
The fire dragon tramples you but does no damage.
You see here a lindwurm corpse.
Unknown command.
As you read the scroll of silence, it crumbles to dust.
A profound silence engulfs you.
The will-o-the-wisp gestures.
The will-o-the-wisp conjures some marshlight!
The fire dragon bites you but does no damage.
The fire dragon claws you but does no damage.
The fire dragon barely misses you. 2 foxfires come into view.
You closely miss the fire dragon.
The fire dragon is moderately wounded.
The foxfire hits you!
You die...

##.≈°°≈k≈ ##..D°..
#..≈≈°# ###
#$≈..##♣# #...
~♣###.#†♣.♣♣♣~.≈≈
.~.♣ ##.#†~~....≈§
...~♣##♣~.§~~...☼○
.~~~~~~.~Dvv..♣♣..
~~~~§~~♣~@v§§..~§~
~~~~.~~..††.♣♣~♣♣~
.~~§§~~~~..♣♣ ♣
~~~~~~~~.~♣♣
~~~~~~~.§♣♣
~~~~~~§.†~♣
~~~~~~~~†~♣♣
..~~~~~.♣♣~♣♣♣♣
.~.~~~~.♣♣~~~.♣♣♣


You could see a fire dragon (unsilenced) and a will-o-the-wisp (unsilenced).

Vanquished Creatures
  Jorgrun (Orc:1)
  Asterion (Elf:1)
  2 deep elf blademasters (Elf:3)
  2 deep elf master archers (Elf:3)
  Kirke (Lair:3)
  2 deep elf sorcerers (Elf:3)
  A fenstrider witch (Swamp:2)
  3 deep elf elementalists (Elf:3)
  7 deep elf demonologists
  3 deep elf death magi
  2 eleionomae
  7 deep elf annihilators (Elf:3)
  A bunyip (Swamp:4)
  Snorg (Orc:1)
  3 fire dragons
  2 rakshasas (D:15)
  16 hydras
  Erolcha (D:13)
  4 alligators
  2 ogre magi
  5 centaur warriors
  10 dancing weapons
  5 boulder beetles
  8 two-headed ogres
  An anaconda (Snake:2)
  6 death yaks (Lair:3)
  Sonja (D:13)
  3 orc high priests (Orc:2)
  2 naga sharpshooters
  7 deep elf knights
  A skyshark (Lair:4)
  2 goliath frogs (Swamp:2)
  4 skeletal warriors
  6 sea snakes (Snake:1)
  2 mana vipers (Snake:1)
  3 spriggan druids
  7 swamp dragons
  A glowing orange brain (D:15)
  3 arcanists
  A naga ritualist (Snake:1)
  A harpy (shapeshifter) (Elf:1)
  7 deep elf archers
  4 orc knights
  A lindwurm (Swamp:4)
  6 thermic dynamos
  2 bog bodies
  A wolf spider (Lair:5)
  15 deep elf pyromancers
  11 deep elf zephyrmancers
  7 cyclopes
  4 orc sorcerers
  10 ugly things
  2 oklob plants (Lair:5)
  3 manticores
  A shining eye (shapeshifter) (Elf:1)
  2 will-o-the-wisps (Swamp:4)
  20 elephants
  A manticore (shapeshifter) (Elf:1)
  A meliai (D:15)
  A guardian serpent (Lair:5)
  3 meliai (shapeshifter)
  A torpor snail (Lair:3)
  A black mamba (shapeshifter) (D:14)
  3 kobold blastminers (Orc:1)
  12 black mambas
  17 cane toads
  A gargoyle (D:13)
  2 unseen horrors
  A yaktaur (shapeshifter) (D:15)
  A kobold demonologist (D:11)
  Jeremiah (D:8)
  3 yaktaurs (D:13)
  13 komodo dragons
  9 rime drakes
  Psyche (D:8)
  8 trolls
  A wind drake (shapeshifter) (Elf:2)
  A troll (shapeshifter) (D:13)
  3 polar bears
  6 hornets
  3 tyrant leeches
  A glass eye (shapeshifter) (D:13)
  27 slime creatures
  2 blink frogs (Lair:5)
  A centaur simulacrum (D:14)
  2 air elementals (Elf:2)
  6 spriggans
  Sigmund (D:6)
  2 shadows
  A vampire (D:13)
  5 water elementals
  2 fire elementals
  52 yaks
  A yak (shapeshifter) (D:15)
  2 wraiths
  5 basilisks
  3 hogs (Lair:3)
  21 wyverns
  A warg (Orc:2)
  A warg (shapeshifter) (D:13)
  A basilisk (shapeshifter) (D:15)
  2 redbacks (Lair:5)
  2 steam dragons (Lair:5)
  3 swamp worms (Lair:2)
  10 vampire mosquitoes
  Edmund (D:6)
  3 nagas
  Menkaure (D:5)
  3 acid dragons
  26 water moccasins
  20 orc warriors
  An ice beast (D:6)
  4 black bears
  13 swamp drakes
  2 laughing skulls (D:13)
  7 centaurs
  9 ogres
  A boggart (D:13)
  27 wolves
  A phantom (D:5)
  4 kobold brigands
  9 bullfrogs
  2 gnoll sergeants
  An earth elemental (Elf:1)
  13 killer bees
  5 howler monkeys
  4 electric eels (Snake:1)
  2 bombardier beetles
  A jelly (D:4)
  A lava snake (Swamp:4)
  4 hounds
  26 orc priests
  10 iguanas
  Terence (D:3)
  34 orc wizards
  A sleepcap (D:5)
  6 hell rats (Lair:4)
  10 gnolls
  11 adders
  A shadow imp (D:7)
  A white imp (D:6)
  2 ufetubi (D:6)
  3 dart slugs
  A dart slug (shapeshifter) (D:14)
  3 ribbon worms
  48 orcs
  4 ball pythons
  6 bats
  9 endoplasms
  5 giant cockroaches
  7 goblins
  7 hobgoblins
  A jackal (D:8)
  12 kobolds
  5 quokkas
  8 frilled lizards
  11 rats
883 creatures vanquished.

Vanquished Creatures (collateral kills)
  Frances (Elf:1)
  Louise (Elf:1)
  A hydra (Lair:5)
  A catoblepas (Lair:2)
  An orc high priest (Orc:2)
  A naga warrior (Snake:2)
  2 naga sharpshooters (Snake:2)
  A skyshark (Lair:2)
  Amaemon (Lair:2)
  A deep elf pyromancer (Elf:1)
  A deep elf zephyrmancer (Elf:1)
  A guardian serpent (Lair:3)
  An orange demon (Lair:2)
  A polar bear (Lair:5)
  A troll (Orc:2)
  A blink frog (Lair:5)
  A wyvern (Lair:4)
  2 hogs (Lair:3)
  2 orc warriors (Orc:2)
  A black bear (Lair:2)
  A wolf (Lair:3)
  An ogre (Orc:2)
  3 orc priests (Orc:2)
  A hell rat (Lair:4)
  An orc (Orc:2)
30 creatures vanquished.

Vanquished Creatures (others)
  A deep elf demonologist (Elf:3)
  3 swamp drakes (Swamp:4)
  A kobold brigand (D:13)
  100 foxfires
105 creatures vanquished.

Grand Total: 1018 creatures vanquished

Notes
Turn   | Place    | Note
-------+----------+-------------------------------------------
     0 | D:1      | bignoob the Mountain Dwarf Hedge Wizard began the quest for
                  | the Orb.
     0 | D:1      | Reached XP level 1. HP: 14/14 MP: 4/4
   200 | D:1      | Reached skill level 1 in Fighting
   336 | D:1      | Reached XP level 2. HP: 24/24 MP: 1/5
  1057 | D:1      | Got Hermetics, Part One
  1060 | D:1      | Learned a level 1 spell: Foxfire
  1063 | D:1      | Learned a level 2 spell: Blink
  1065 | D:1      | Learned a level 1 spell: Sting
  1447 | D:1      | Reached XP level 3. HP: 31/31 MP: 2/7
  2351 | D:2      | Reached XP level 4. HP: 40/40 MP: 0/8
  2917 | D:2      | Reached skill level 1 in Axes
  3142 | D:2      | Reached XP level 5. HP: 45/47 MP: 6/9
  3366 | D:3      | Reached skill level 2 in Axes
  3481 | D:3      | Noticed Terence
  3492 | D:3      | Killed Terence
  3550 | D:3      | Reached skill level 3 in Axes
  3698 | D:3      | Found a hide-covered altar of Uskayaw.
  3942 | D:4      | Reached skill level 4 in Axes
  4031 | D:4      | Reached XP level 6. HP: 29/53 MP: 10/10
  4059 | D:4      | Reached skill level 5 in Axes
  4177 | D:4      | Found a bloodstained altar of Trog.
  4181 | D:4      | Found a hazy altar of Hepliaklqana.
  4417 | D:4      | Reached skill level 6 in Axes
  4562 | D:4      | Found a staircase to the Ecumenical Temple.
  4569 | Temple   | Entered the Ecumenical Temple
  4580 | Temple   | Became a worshipper of Makhleb the Destroyer
  4933 | D:5      | Entered Level 5 of the Dungeon
  4936 | D:5      | Reached skill level 1 in Armour
  4954 | D:5      | Reached skill level 5 in Fighting
  4954 | D:5      | Reached XP level 7. HP: 20/61 MP: 11/11
  5354 | D:5      | Identified a scroll of acquirement
  5377 | D:5      | Found a one-way gate to the infinite horrors of the Abyss.
  5377 | D:5      | Noticed CumLord's ghost (amateur DrFi)
  5448 | D:5      | Found a transporter.
  5457 | D:5      | Found a transporter.
  5511 | D:5      | Noticed Menkaure
  5519 | D:5      | Killed Menkaure
  5520 | D:5      | Reached skill level 1 in Shields
  5782 | D:5      | Reached skill level 7 in Axes
  5918 | D:5      | Noticed a small abomination
  6090 | D:6      | Reached XP level 8. HP: 70/70 MP: 12/12
  6170 | D:6      | Found an iron altar of Okawaru.
  6474 | D:6      | Found a basalt altar of Yredelemnul.
  6645 | D:6      | Noticed Edmund
  6665 | D:6      | Gained mutation: You are robust. (+10% HP) [potion of
                  | mutation]
  6665 | D:6      | Gained mutation: You are resistant to electric shocks.
                  | (rElec) [potion of mutation]
  6665 | D:6      | Gained mutation: Your muscles are strong. (Str +4, Int/Dex
                  | -1) [potion of mutation]
  6728 | D:6      | Noticed Sigmund
  6738 | D:6      | HP: 3/77 [Edmund/+4 dire flail of protection (10)]
  6739 | D:6      | Killed Edmund
  6739 | D:6      | Reached * piety under Makhleb
  7074 | D:6      | Killed Sigmund
  7185 | D:7      | Identified the +6 whip of Uncomfortable Rashes {chaos, rN+
                  | Str+4}
  7225 | D:7      | Reached skill level 8 in Axes
  7684 | D:7      | Reached skill level 5 in Armour
  7684 | D:7      | Paralysed by a gnoll for 4 turns
  7858 | D:7      | Reached XP level 9. HP: 82/86 MP: 13/13
  7972 | D:8      | Found a sacrificial altar of Ru.
  8006 | D:8      | Acquired a +3 heavy war axe
  8222 | D:8      | Noticed Jeremiah
  8665 | D:8      | Noticed Psyche
  8679 | D:7      | Reached skill level 9 in Axes
  8777 | D:7      | Reached skill level 5 in Shields
  8838 | D:8      | Killed Psyche
  9539 | D:8      | Killed Jeremiah
  9835 | D:9      | Reached skill level 10 in Axes
 10931 | D:10     | Entered Level 10 of the Dungeon
 10972 | D:10     | Noticed a troll
 11110 | D:10     | Reached XP level 10. HP: 94/96 MP: 14/14
 11144 | D:10     | Reached ** piety under Makhleb
 11216 | D:10     | Reached skill level 11 in Axes
 11415 | D:10     | Found a staircase to the Lair.
 11626 | D:10     | Reached skill level 12 in Axes
 11811 | D:10     | Found a staircase to the Orcish Mines.
 12237 | Lair:1   | Entered Level 1 of the Lair of Beasts
 12502 | Lair:1   | Noticed a cane toad
 12513 | Lair:1   | Killed a cane toad
 12514 | Lair:1   | Reached XP level 11. HP: 88/106 MP: 15/15
 12574 | Lair:1   | Reached *** piety under Makhleb
 12876 | Lair:1   | Reached skill level 13 in Axes
 12894 | Lair:1   | Identified the ring of the Distant Future {Will+ Int+6
                  | Dex+6 Slay-6}
 13116 | Lair:2   | Noticed a skyshark
 13326 | Lair:1   | Reached skill level 10 in Fighting
 13536 | Lair:2   | Killed a skyshark
 13629 | Lair:2   | Reached skill level 14 in Axes
 14027 | Lair:2   | Reached XP level 12. HP: 71/118 MP: 16/16
 14163 | Lair:2   | Noticed a catoblepas
 14186 | Lair:2   | Killed a catoblepas
 14207 | Lair:2   | Found a bloodstained altar of Trog.
 14417 | Lair:2   | Noticed Amaemon
 14443 | Lair:2   | Killed Amaemon
 14534 | Lair:2   | Noticed an eight-headed hydra
 14541 | Lair:2   | Noticed an eight-headed hydra
 14553 | Lair:2   | Gained mutation: You are clumsy. (Dex -2) [a neqoxec]
 14911 | Lair:2   | Killed a one-headed hydra
 14927 | Lair:2   | Killed a three-headed hydra
 14928 | Lair:2   | Reached skill level 15 in Axes
 15147 | Lair:2   | Found a staircase to the Swamp.
 15330 | Lair:3   | Reached skill level 10 in Armour
 15482 | Lair:3   | Found a staircase to the Snake Pit.
 15482 | Lair:3   | Noticed a death yak
 15488 | Lair:3   | Noticed a death yak
 15505 | Lair:3   | Killed a death yak
 15776 | Lair:3   | Reached skill level 10 in Shields
 15879 | Lair:3   | Noticed a death yak
 15879 | Lair:3   | Noticed a death yak
 15879 | Lair:3   | Noticed a death yak
 15880 | Lair:3   | Noticed a death yak
 15978 | Lair:3   | Noticed Kirke
 15995 | Lair:3   | Killed Kirke
 15996 | Lair:3   | Reached skill level 16 in Axes
 16358 | Lair:3   | Killed a death yak
 16359 | Lair:3   | Noticed a seven-headed hydra
 16375 | Lair:3   | Killed a one-headed hydra
 16376 | Lair:3   | Reached XP level 13. HP: 69/128 MP: 17/17
 16596 | Lair:3   | Reached skill level 5 in Invocations
 17336 | Lair:4   | Found a runed translucent door.
 17781 | Lair:4   | Reached skill level 10 in Invocations
 18501 | Lair:4   | Reached skill level 1 in Evocations
 18518 | Lair:4   | Reached **** piety under Makhleb
 18835 | Lair:5   | Entered Level 5 of the Lair of Beasts
 19347 | Lair:5   | Reached XP level 14. HP: 97/138 MP: 23/23
 21364 | Lair:5   | Found a viscous altar of Jiyva.
 21473 | Lair:5   | Found a staircase to the Slime Pits.
 22090 | Orc:1    | Entered Level 1 of the Orcish Mines
 22180 | Orc:2    | Entered Level 2 of the Orcish Mines
 22253 | Orc:2    | Found a staircase to the Elven Halls.
 22254 | Orc:2    | Found Joeh's Magic Scroll Boutique.
 22694 | Orc:2    | Reached skill level 17 in Axes
 22739 | Orc:2    | Found Qeann's Jewellery Boutique.
 22899 | Orc:2    | Found a transporter.
 22949 | Orc:2    | Found a roughly hewn altar of Beogh.
 22982 | Orc:1    | Noticed Jorgrun
 22989 | Orc:1    | Killed Jorgrun
 23197 | Orc:2    | Reached ***** piety under Makhleb
 23386 | Orc:2    | Bought a scroll of fear for 68 gold pieces
 23386 | Orc:2    | Bought a scroll of teleportation for 51 gold pieces
 23386 | Orc:2    | Bought a scroll of teleportation for 51 gold pieces
 23386 | Orc:2    | Bought a scroll of teleportation for 51 gold pieces
 23386 | Orc:2    | Bought 3 scrolls of teleportation for 153 gold pieces
 23436 | Orc:2    | Found Umiahosyph's Book Boutique.
 23490 | Orc:2    | Found a transporter.
 23490 | Orc:2    | Found Riozalet's Distillery.
 23536 | Orc:2    | Bought a potion of experience for 600 gold pieces
 23536 | Orc:2    | Bought a potion of berserk rage for 60 gold pieces
 23536 | Orc:2    | Bought a potion of curing for 36 gold pieces
 23536 | Orc:2    | Bought a potion of curing for 36 gold pieces
 23536 | Orc:2    | Bought 2 potions of curing for 72 gold pieces
 23584 | Orc:2    | Found Sihyar's Weapon Boutique.
 23584 | Orc:2    | Found Soalash's General Store.
 23585 | Orc:2    | Found Qumuanun's Book Shop.
 23589 | Orc:2    | Found Hapyka's Book Shop.
 23593 | Orc:2    | Bought a scroll of fear for 48 gold pieces
 23595 | Orc:2    | Bought 2 potions of mutation for 192 gold pieces
 23763 | Orc:1    | Reached skill level 5 in Evocations
 23769 | Orc:1    | Gained mutation: You are very clumsy. (Dex -4) [a neqoxec]
 23771 | Orc:1    | Gained mutation: You are occasionally teleported next to
                  | monsters. [a neqoxec]
 23774 | Orc:1    | Lost mutation: You are occasionally teleported next to
                  | monsters. [potion of mutation]
 23774 | Orc:1    | Lost mutation: Your muscles are strong. (Str +4, Int/Dex
                  | -1) [potion of mutation]
 23774 | Orc:1    | Gained mutation: You are partially covered in iridescent
                  | scales. (AC +2) [potion of mutation]
 23774 | Orc:1    | Gained mutation: You have large cloven feet. [potion of
                  | mutation]
 23774 | Orc:1    | Gained mutation: You occasionally lose the ability to drink
                  | potions when taking damage. [potion of mutation]
 23774 | Orc:1    | Gained mutation: Your spells are a little harder to cast,
                  | but a little more powerful. [potion of mutation]
 23775 | Orc:1    | Lost mutation: You are resistant to electric shocks.
                  | (rElec) [potion of mutation]
 23775 | Orc:1    | Lost mutation: You have large cloven feet. [potion of
                  | mutation]
 23775 | Orc:1    | Lost mutation: You are very clumsy. (Dex -4) [potion of
                  | mutation]
 23775 | Orc:1    | Gained mutation: You have a pair of small horns on your
                  | head. [potion of mutation]
 23776 | Orc:1    | Lost mutation: You occasionally lose the ability to drink
                  | potions when taking damage. [potion of mutation]
 23776 | Orc:1    | Lost mutation: You are clumsy. (Dex -2) [potion of
                  | mutation]
 23776 | Orc:1    | Gained mutation: You have large cloven feet. [potion of
                  | mutation]
 23776 | Orc:1    | Gained mutation: Your body sometimes deteriorates upon
                  | taking damage. [potion of mutation]
 23776 | Orc:1    | Gained mutation: You are dopey. (Int -2) [potion of
                  | mutation]
 23936 | Orc:1    | Noticed Snorg
 23945 | Orc:1    | Killed Snorg
 24624 | D:11     | Reached XP level 15. HP: 147/147 MP: 25/25
 25454 | D:12     | Found a portal to a secret trove of treasure.
 25476 | D:12     | Found a runed translucent gate.
 25476 | D:12     | Noticed korenl137's ghost (journeyman AtBe)
 25477 | D:12     | Found a runed translucent gate.
 25478 | D:12     | Found a runed translucent gate.
 25482 | D:12     | Identified the amulet of Boeczoax {Faith ^Fragile rElec
                  | rCorr Int+3}
 25687 | D:12     | Identified the +0 leather armour "Piceoliu" {rC+ rN+ Int-3}
 25688 | D:12     | Identified the +7 war axe of the Empty Page {drain, *Slow
                  | rC+ Int+3}
 25689 | D:12     | Found a roughly hewn altar of Beogh.
 25713 | Trove    | Entered a treasure trove
 25719 | Trove    | Identified the amulet "Teusis" {RegenMP rF+}
 25721 | Trove    | Identified the ring "Uteat" {+Blink rPois rF- Will+}
 25725 | Trove    | Identified the ring of Acvufop {rPois SInv}
 25736 | Trove    | Identified the amulet "Raorutie" {Regen+ Int+4 Slay+5}
 25740 | Trove    | Identified the ring "Uheic" {Ice Fly rPois Dex+3 Stlth-}
 25742 | Trove    | Identified the ring "Jausorchu" {Will+ Int+6 SInv}
 25757 | Trove    | Identified the ring "Pini Calam" {Fly MP+9 Int+3}
 25760 | Trove    | Identified the ring of the Histrionic Durian {rF+ rC+ rN+
                  | Will+}
 26068 | D:13     | Noticed Erolcha
 26072 | D:13     | Killed Erolcha
 26476 | D:13     | Found a snail-covered altar of Cheibriados.
 26575 | D:13     | Found Vuosh's Assorted Antiques.
 26614 | D:13     | Bought a scroll labelled HIOSSY ARIH for 34 gold pieces
 26646 | D:13     | Identified the +1 ring mail of Ubran {rPois Regen+ rCorr
                  | Dex+3}
 26858 | D:13     | Found a gate to the Vaults.
 27003 | D:13     | Noticed Sonja
 27019 | D:13     | HP: 6/149 [cyclops (22)]
 27019 | D:13     | HP: 1/149 [queen bee (shapeshifter) (5)]
 27138 | D:13     | Killed Sonja
 27298 | D:13     | Reached skill level 5 in Dodging
 27488 | D:14     | Found Vohog's Magic Scroll Shoppe.
 27838 | D:14     | Bought a scroll of teleportation for 33 gold pieces
 27838 | D:14     | Bought a scroll of teleportation for 33 gold pieces
 27838 | D:14     | Bought a scroll of teleportation for 33 gold pieces
 27993 | D:15     | Entered Level 15 of the Dungeon
 28140 | D:15     | Found Otzerramu's Mayhem Merchandise.
 28556 | D:15     | Reached skill level 18 in Axes
 28560 | D:15     | Reached XP level 16. HP: 152/159 MP: 27/27
 28939 | D:15     | Found a staircase to the Depths.
 29037 | D:15     | Upgraded the game from 0.32-a0-522-g3863d58 to
                  | 0.32-a0-540-g866d131
 29037 | D:15     | Reached XP level 17. HP: 167/167 MP: 27/29
 29176 | Snake:1  | Entered Level 1 of the Snake Pit
 29464 | Snake:2  | Noticed Vashnia
 29967 | Elf:1    | Entered Level 1 of the Elven Halls
 30059 | Elf:1    | Noticed Frances
 30064 | Elf:1    | Noticed Louise
 30099 | Elf:1    | Killed Louise
 30154 | Elf:1    | Killed Frances
 30310 | Elf:1    | Identified the amulet of the Hero {rC+ Regen+ Str+3 Dex+2}
 30558 | Elf:2    | Paralysed by an air elemental for 1 turns
 30694 | Elf:2    | Paralysed by an air elemental for 1 turns
 30779 | Elf:3    | Entered Level 3 of the Elven Halls
 30943 | Elf:3    | Noticed a deep elf blademaster
 30960 | Elf:3    | Noticed a deep elf master archer
 30965 | Elf:3    | Killed a deep elf blademaster
 30966 | Elf:3    | Killed a deep elf master archer
 30971 | Elf:3    | Killed a ghostly deep elf blademaster
 30976 | Elf:3    | Noticed a deep elf blademaster
 31293 | Elf:3    | Found Xaaho's Jewellery Shop.
 31295 | Elf:3    | Found Rijura's Book Shoppe.
 31295 | Elf:3    | Found Aschogido's Book Shoppe.
 31323 | Elf:3    | Noticed a Hell Sentinel
 31383 | Elf:3    | Identified the +6 ring mail "Pisedakk" {Int+4}
 31383 | Elf:3    | Noticed a deep elf master archer
 31388 | Elf:3    | Killed a deep elf blademaster
 31413 | Elf:3    | Killed a deep elf master archer
 31506 | Elf:3    | Got the Teachings on Underground Misfortune
 31510 | Elf:3    | Got the Meditations on the Door and Rot
 31572 | Elf:3    | Noticed a Brimstone Fiend
 31702 | Elf:3    | Reached XP level 18. HP: 178/178 MP: 30/30
 31757 | Elf:3    | Got a shimmering gem with 49 turns to spare
 31768 | Elf:3    | Identified the +0 cloak "Eplofunk" {Int+4}
 31769 | Elf:3    | Identified the +0 ring mail of Simn {-Cast Str+5 Slay+2}
 31773 | Elf:3    | Got the Secrets of the Comitatus and Ignition
 31871 | Elf:2    | Reached skill level 15 in Fighting
 31879 | Elf:2    | Reached skill level 19 in Axes
 32006 | Elf:2    | Found Jeco's Antique Armour Emporium.
 32084 | Elf:2    | Found a radiant altar of Vehumet.
 32302 | Elf:2    | Found a runed translucent gate.
 32303 | Elf:2    | Found a runed translucent gate.
 32303 | Elf:2    | Found a runed translucent gate.
 32723 | Elf:1    | Noticed Asterion
 32730 | Elf:1    | Killed Asterion
 32778 | Elf:1    | Got the Volume of Azoth
 32782 | Elf:1    | Got the Enchiridion on Beguiling Austromancy
 32925 | Orc:2    | Bought 2 scrolls of acquirement for 1768 gold pieces
 32925 | Orc:2    | Bought a scroll of enchant weapon for 127 gold pieces
 32926 | Orc:2    | Acquired 920 gold pieces
 32927 | Orc:2    | Acquired the +2 pair of gloves "Cuwu Teixi" {Harm ^Drain
                  | rC+ Stlth+}
 33041 | Swamp:1  | Entered Level 1 of the Swamp
 33168 | Swamp:2  | Paralysed by a fenstrider witch for 2 turns
 33330 | Swamp:4  | Entered Level 4 of the Swamp
 33561 | Swamp:4  | Killed from afar by a will-o-the-wisp

Illustrated notes

Levels and vault maps discovered:
D:1:      nicolae_arrival_memento_mori, layout_loops_corners
D:2:      minmay_wonky_spiral, layout_loops_corners
D:3:      layout_rooms, mainiacjoe_overflow_surrounded_room, uniq_terence
D:4:      layout_loops_ring, grunt_temple_overflow_open,
          minmay_temple_entry_hall, portal_sewer_entry_d,
          kennysheep_generic_room_10
D:5:      layout_rooms, gammafunk_ghost_abyssal_escape, uniq_menkaure
D:6:      layout_rooms, okawaru_gym_becter, mainiacjoe_overflow_boulevard,
          mrwooster_statue_mirror, sigmund_edmund_badplayer
D:7:      layout_basic, grunt_decor_junction, st_stairs_1,
          hangedman_decor_slide_cut
D:8:      layout_rooms, nicolae_ru_great_annihilating_truth,
          nicolae_twisty_statue_hallways, uniq_jeremiah, uniq_psyche
D:9:      layout_layer_cave
D:10:     layout_loops_corners, grunt_lair_entry_orc_guard_hut, david_orc_2
D:11:     layout_basic
D:12:     layout_cave_pools, nicolae_trove_entry_crystal,
          biasface_ghost_orc_armoury
D:13:     minmay_blocking_statues, layout_loops_ring,
          hangedman_vaults_entry_quadrant_bands, nicolae_wooded_promenade,
          cheibrodos_worm_habitat, uniq_sonja, uniq_erolcha
D:14:     layout_irregular_city, hangedman_abyss_or_decor_passed, serial_shops,
          nicolae_shop_tiny_glass
D:15:     gammafunk_enter_depths_forms, layout_loops_cross, bh_walls_and_bars,
          chequers_jeans, minmay_shop_mayhem,
          minmay_the_grid_square_5x5_3x3_mashed
          [minmay_the_grid_square_5x5_shrine2, minmay_the_grid_square_5x5_plus,
          minmay_the_grid_square_5x5_half_checkered,
          minmay_the_grid_square_5x5_six_small,
          minmay_the_grid_square_5x5_megaprize_hollow,
          minmay_the_grid_square_5x5_forky, minmay_the_grid_square_5x5_shuriken,
          minmay_the_grid_square_5x5_z,
          minmay_the_grid_square_5x5_fancy_junction]
Temple:   lightli_temple_of_artemis
Lair:1:   layout_gridlike, serial_bayou_shore_b
Lair:2:   layout_loops_ring, palyth_hydra_swamp_entry, basic_altar, uniq_amaemon
Lair:3:   layout_hall_layers, minmay_snake_entry_spellcaster,
          gauntlet_entry_generic, small_statue_intersection,
          grunt_forest_large_clearings, serial_bayou_shore_a, uniq_kirke
Lair:4:   layout_roguey, special_room [special_room_mythical_zoo],
          pf_torpor_hydra
Lair:5:   guppyfry_lair_end_dragon, layout_cellular_growth,
          hangedman_lair_tendril_chambers, minmay_slime_entry_oklob_open
Swamp:1:  gammafunk_worm_tunnel, layout_basic_swamp,
          evilmike_swamp_ruin_house_1, hangedman_swamp_blocks, uniq_roxanne
Swamp:2:  layout_basic_swamp, serial_swamp_ruin, evilmike_swamp_ruin_house_2,
          evilmike_swamp_ruin_house_4, evilmike_swamp_ruin_rubble_1
Swamp:3:  layout_basic_swamp, evilmike_swamp_ruin_house_5
Swamp:4:  swamp_fiery, layout_basic_swamp, swamp_pool_5,
          cheibrodos_swamp_minitomb
Snake:1:  gammafunk_sealed_arena, layout_misc_corridors, serial_bayou_lagoon_b
Snake:2:  layout_rooms, drop_trap, uniq_vashnia
Orc:1:    layout_caves, uniq_snorg, uniq_jorgrun
Orc:2:    st_orc_mages, layout_caves, basic_altar, serial_shops,
          nicolae_shop_trees, nicolae_shop_drivethru, nicolae_square_shop, shop
Elf:1:    eino_elf_arrival_sip, layout_loops_cross,
          nicolae_elf_shapeshifter_party, grunt_ministairs_9, uniq_frances,
          uniq_asterion, uniq_louise
Elf:2:    nicolae_elf_blades_crystal_corner, layout_loops_corners, serial_shops,
          shop, basic_altar, uniq_zenata
Elf:3:    grunt_elf_hall_branching, layout_loops_corners,
          serial_sigils_hangedman_gnaw, minmay_shop_grove

Skill      XL: |  1  2  3  4  5  6  7  8  9 10 11 12 13 14 15 16 17 18 |
---------------+-------------------------------------------------------+-----
Fighting       | 1 3 4 5 7 8 9 10 11 12 13 14 15 | 15.5
Axes           | 1 4 6 7 8 10 12 14 16 17 18 19 | 19.4
Armour         | 1 3 5 6 8 9 10 11 12 13 14 | 14.8
Shields        | 2 4 6 7 9 10 11 12 13 14 | 14.4
Invocations    | 3 12 13 14 16 17 18 | 18.0
Evocations     | 2 5 |  5.0
Dodging        | 2 4 5 6 7 |  7.8
Maces & Flails | |  0.7
Stealth        | |  1.4
Spellcasting   | |  2.6
Conjurations   | |  0.8
Summonings     | |  1.0
Translocations | |  0.7

Action                     |  1- 3 |  4- 6 |  7- 9 | 10-12 | 13-15 | 16-18 || total
---------------------------+-------+-------+-------+-------+-------+-------++-------
  Melee: Dagger            |    57 |       |       |       |       |       ||    57
         Whip              |    10 |       |       |       |       |       ||    10
         Quarterstaff      |    18 |    35 |       |       |       |       ||    53
         Hand axe          |       |   164 |   280 |    28 |    31 |     7 ||   510
         War axe           |       |       |   106 |   368 |   886 |   555 ||  1915
         Headbutt          |       |       |       |       |    91 |   137 ||   228
         Broad axe         |       |       |       |       |       |    52 ||    52
   Fire: Sling             |       |     2 |       |       |       |       ||     2
  Throw: Dart              |       |     5 |    10 |       |       |       ||    15
         Javelin           |       |       |    11 |       |     1 |     5 ||    17
         Boomerang         |       |       |     5 |       |       |       ||     5
         Throwing net      |       |       |       |       |       |     1 ||     1
   Cast: Magic Dart        |    68 |     8 |     2 |     1 |       |       ||    79
         Sting             |     5 |     5 |     4 |       |       |       ||    14
         Foxfire           |    20 |    10 |    19 |     1 |       |       ||    50
         Blink             |       |       |     2 |     1 |     1 |       ||     4
 Invoke: Minor Destruction |       |       |       |    52 |   171 |   243 ||   466
         Lesser Servant of |       |       |       |    19 |    10 |    13 ||    42
         Major Destruction |       |       |       |       |    36 |    16 ||    52
  Evoke: Wand              |       |       |     6 |     2 |     1 |     8 ||    17
         Lightning rod     |       |       |       |       |     3 |     5 ||     8
    Use: Scroll            |     7 |     7 |    15 |     5 |    11 |    12 ||    57
         Potion            |       |     2 |     7 |     3 |    10 |     3 ||    25
   Stab: Invisible         |       |     1 |       |     1 |       |       ||     2
         Paralysed         |       |       |     1 |       |     2 |       ||     3
         Distracted        |       |       |       |       |     1 |     2 ||     3
         Petrifying        |       |       |       |       |     1 |       ||     1
         Sleeping          |       |       |       |       |       |     1 ||     1
 Armour: Robe              |    58 |    49 |       |       |       |       ||   107
         Ring mail         |       |    79 |   233 |    64 |   204 |   522 ||  1102
         Scale mail        |       |       |       |   365 |   610 |       ||   975
  Dodge: Dodged            |    72 |    97 |   145 |   225 |   450 |   396 ||  1385
         Repelled          |     1 |     3 |     5 |     2 |    10 |     1 ||    22
  Block: Other             |       |    17 |     2 |       |       |       ||    19
         Buckler           |       |       |   178 |   321 |   581 |   168 ||  1248
         Reflection        |       |       |     2 |     4 |    24 |       ||    30
         Kite shield       |       |       |       |       |       |   116 ||   116

Table legend: (Time is in decaauts)
 A = Elapsed time spent in this place.
 B = Non-inter-level travel time spent in this place.
 C = Inter-level travel time spent in this place.
 D = Time resting spent in this place.
 E = Time spent auto-exploring this place.
 F = Levels seen in this place.
 G = Mean time per level.
                   A        B        C        D        E       F      G
               +--------+--------+--------+--------+--------+-----+--------+
         Total |  33808 |  32146 |   1662 |   2509 |  22474 |  33 | 1024.5 |
       Dungeon |  17400 |  16644 |    756 |   1402 |  11924 |  15 | 1160.0 |
        Temple |     22 |     11 |     11 |      0 |      0 |   1 |   22.0 |
          Lair |  10094 |   9604 |    490 |    639 |   7324 |   5 | 2018.8 |
         Swamp |    509 |    509 |      0 |     16 |    127 |   4 |  127.2 |
     Snake Pit |    689 |    670 |     19 |     66 |    367 |   2 |  344.5 |
  Orcish Mines |   2133 |   1966 |    167 |    309 |   1279 |   2 | 1066.5 |
   Elven Halls |   2897 |   2680 |    217 |     77 |   1445 |   3 |  965.7 |
         Trove |     59 |     59 |      0 |      0 |      7 |   1 |   59.0 |
               +--------+--------+--------+--------+--------+-----+--------+

Top non-repeatable levels by time:
  Lair:5: 3163 daAuts
  Lair:3: 2136 daAuts
  Lair:2: 1969 daAuts
     D:1: 1844 daAuts
  Lair:4: 1580 daAuts
     D:7: 1512 daAuts
     D:2: 1483 daAuts
    D:10: 1404 daAuts
    D:13: 1321 daAuts
     D:9: 1259 daAuts
  Lair:1: 1244 daAuts
     D:6: 1158 daAuts
     D:8: 1131 daAuts
   Orc:2: 1102 daAuts
   Elf:3: 1062 daAuts
